 Dungeon Crawl Stone Soup version 0.31-a0-263-ge8cad7f256 (webtiles) character file.

Game seed: 12119204056566927409

119 qw the Shooter (level 4, -3/36 HPs)
             Began as a Minotaur Hexslinger on July 13, 2023.
             Slain by Duvessa
             ... wielding a +0 short sword
              (9 damage)
             ... on level 5 of the Dungeon.
             The game lasted 00:00:53 (2405 turns).

qw the Shooter (Minotaur Hexslinger)                Turns: 2405, Time: 00:00:54

Health: -3/36      AC:  6    Str: 18    XL:     4   Next: 73%
Magic:  4/4        EV: 11    Int: 10    God:
Gold:   107        SH:  0    Dex: 15    Spells: 4/5 levels left

rFire   . . .        Y - +2 sling
rCold   . . .        (no shield)
rNeg    . . .        n - +0 ring mail
rPois   .            (helmet restricted)
rElec   .            (no cloak)
rCorr   .            f - +0 pair of gloves
SInv    +            (no boots)
Will    .....        (no amulet)
Stlth   +            c - ring of see invisible
HPRegen 0.26/turn    d - +6 ring of strength
MPRegen 0.09/turn

%: no passive effects
@: no status effects
A: horns 2, retaliatory headbutt
a: no special abilities


You were on level 5 of the Dungeon.
You visited 1 branch of the dungeon, and saw 4 of its levels.

You collected 107 gold pieces.


Innate Abilities, Weirdness & Mutations

You have a pair of horns on your head.
You reflexively headbutt those who attack you in melee.


   Skills:
 + Level 2.3 Fighting
 - Level 5.0 Ranged Weapons
 - Level 1.0 Armour
 - Level 2.1 Dodging
 - Level 1.0 Spellcasting
 - Level 2.0 Hexes


You had 4 spell levels left.
You knew the following spells:

 Your Spells              Type           Power      Damage    Failure   Level
a - Slow                  Hex            16%        N/A       26%         1

Your spell library contained the following spells:

 Spells                   Type           Power      Damage    Failure   Level
 Inner Flame              Hex/Fire       2%         N/A       77%         3
 Portal Projectile        Hex/Tloc       4%         N/A       77%         3
 Cause Fear               Hex            2%         N/A       95%         4

Inventory:

Hand Weapons
 Y - a +2 sling (weapon)
Armour
 f - a +0 pair of gloves (worn)
 n - a +0 ring mail (worn)
Jewellery
 c - a ring of see invisible (left hand)
 d - a +6 ring of strength (right hand)
 h - a ring of fire
Scrolls
 j - a scroll of identify
Potions
 e - a potion of curing
 k - 2 potions of might
 o - a potion of heal wounds {unknown}
 q - a potion of berserk rage {unknown}
 r - a potion of ambrosia {unknown}

Dungeon Overview and Level Annotations

Branches:
Dungeon (5/15)
 Temple: D:4-7

Altars:
Nemelex Xobeh

Annotations:
D:2 1 runed translucent door, Crazy Yiuf
D:5 Dowan, Duvessa


Message History

Duvessa, Sister of Dowan comes into view.
She is wielding a +0 short sword.
Duvessa shouts!
You shoot a sling bullet.
Dowan shouts!
The sling bullet hits Dowan but does no damage.
You shoot a sling bullet.
The sling bullet completely misses Dowan.
Dowan gestures at Duvessa while chanting.
Duvessa seems to speed up.
You shoot a sling bullet. The sling bullet hits Duvessa.
Duvessa is lightly wounded.
You shoot a sling bullet.
The sling bullet closely misses Duvessa.
Duvessa hits you with a +0 short sword. Duvessa hits you but does no damage.
You shoot a sling bullet. The sling bullet hits Duvessa.
Duvessa is lightly wounded.
Duvessa hits you with a +0 short sword.
The orc priest closely misses your scorpion.
You shoot a sling bullet.
The sling bullet hits Duvessa but does no damage.
Duvessa is lightly wounded.
Duvessa completely misses you.
The orc priest barely misses your scorpion.
Duvessa hits you with a +0 short sword.
You shoot a sling bullet. The sling bullet hits Duvessa.
Duvessa is moderately wounded.
Duvessa hits you with a +0 short sword!
The orc priest completely misses your scorpion.
Dowan casts a spell.
Dowan blinks!
Duvessa hits you with a +0 short sword.
The orc priest hits your scorpion with a +0 short sword.
You shoot a sling bullet. The sling bullet hits Duvessa.
Duvessa is moderately wounded.
Duvessa hits you with a +0 short sword!
Your scorpion barely misses the orc priest.
The orc priest misses your scorpion. Duvessa hits you with a +0 short sword.
You shoot a sling bullet. The sling bullet hits Duvessa.
Duvessa is heavily wounded.
Your scorpion stings the orc priest.
Duvessa hits you with a +0 short sword!
You die...

#######,*,*********,,,***,* *,*
...)...,*,* *,,,,,,,,,*****,*
......#**,*******,*,,,***,**,,,,*
.......,,,,,,,,,,*,*,*##,>,,,,,,,
...##.##..#######.#.....,,**,,,,*
.#.#*,##>##########.e.,,,,,,,,,,*
...#*,##.##########.##.#,,*******
...#*,##.#######e.......,,*
...#*.##.#######@##.#*,**<*
##.#*..<...#####s##.#*,**,* *****
*,**......#####o##..,,,,,* *,,,,
*,,,............####*,*,,* *,***
****..(...##########*,*,** *,*
****,......##########*,*,* *,*
,,,,,....############*,*,* *,*
,,,,,....############*,,,** *,*
***,,...#############,,,,,***,*


You could see Duvessa (fast), Dowan, an orc priest (ally target) and a friendly
scorpion (summoned).

Vanquished Creatures
  An orc wizard (D:2)
  3 adders (D:3)
  An ufetubus (D:5)
  A dart slug (D:3)
  4 orcs
  2 endoplasms
  2 giant cockroaches (D:1)
  6 goblins
  4 hobgoblins
  5 jackals (D:2)
  5 quokkas
  5 ball pythons
  9 bats
  3 frilled lizards
  3 kobolds (D:1)
  A rat (D:1)
55 creatures vanquished.

Notes
Turn   | Place    | Note
-------+----------+-------------------------------------------
     0 | D:1      | qw the Minotaur Hexslinger began the quest for the Orb.
     0 | D:1      | Reached XP level 1. HP: 16/16 MP: 1/1
     0 | D:1      | 0 ||| qw: Version: 0.3-a-52-g30416fa
     0 | D:1      | 0 ||| qw: Game counter: 7101
     0 | D:1      | 0 ||| qw: Melee chars always use a shield: true
     0 | D:1      | 0 ||| qw: God list: Okawaru
     0 | D:1      | 0 ||| qw: Allow faded altars: false
     0 | D:1      | 0 ||| qw: Do Orc after clearing Dungeon:15 true
     0 | D:1      | 0 ||| qw: Do second Lair branch before Depths: true
     0 | D:1      | 0 ||| qw: Lair rune preference: random
     0 | D:1      | 0 ||| qw: Goals: Normal
     0 | D:1      | 0 ||| PLANNING D:1-11
   303 | D:1      | Reached skill level 3 in Ranged Weapons
   303 | D:1      | 303 ||| FLEEEEING.
   314 | D:1      | Reached XP level 2. HP: 23/23 MP: 2/2
   808 | D:1      | Found a faded altar of an unknown god.
   853 | D:1      | 853 ||| UPGRADING to +0 pair of gloves.
   858 | D:1      | 858 ||| UPGRADING to +0 leather armour.
   868 | D:1      | 868 ||| DROPPING +0 robe.
   869 | D:1      | 869 ||| UPGRADING to +0 ring mail.
   879 | D:1      | 879 ||| DROPPING +0 leather armour.
   880 | D:1      | 880 ||| READING scroll labelled MOAWNAGHEU.
   885 | D:1      | 885 ||| READING scroll labelled ANKIVI CUNLA.
   886 | D:1      | 886 ||| READING scroll labelled XANWOR ENIREP.
   887 | D:1      | 887 ||| READING 3 scrolls labelled SIYLUSODOO.
   888 | D:1      | 888 ||| DRINKING 2 fizzy cyan potions.
   889 | D:1      | 889 ||| DRINKING 2 pink potions.
   890 | D:1      | 890 ||| READING 2 scrolls of identify.
   890 | D:1      | 890 ||| IDENTIFYING yellow potion
   891 | D:1      | 891 ||| DROPPING scroll of poison.
   892 | D:1      | 892 ||| DROPPING potion of attraction.
   940 | D:2      | Found a sparkling altar of Nemelex Xobeh.
  1041 | D:2      | Reached XP level 3. HP: 29/29 MP: 3/3
  1151 | D:2      | Reached skill level 4 in Ranged Weapons
  1219 | D:2      | 1219 ||| FLEEEEING.
  1220 | D:2      | 1220 ||| FLEEEEING.
  1221 | D:2      | 1221 ||| FLEEEEING.
  1400 | D:2      | 1400 ||| UPGRADING to ring of see invisible.
  1402 | D:2      | 1402 ||| READING scroll labelled SUJUCZ PIBOVEM.
  1410 | D:2      | Reached skill level 1 in Armour
  1592 | D:2      | Found a runed translucent door.
  1593 | D:2      | Noticed Crazy Yiuf
  1694 | D:2      | 1694 ||| UPGRADING to +6 ring of strength.
  1695 | D:2      | 1695 ||| READING scroll labelled GUARGH WENLOFFE.
  1696 | D:2      | 1696 ||| DRINKING 2 glowing coppery potions.
  1716 | D:2      | 1716 ||| DRINKING 2 viscous clear potions.
  1717 | D:2      | 1717 ||| READING 2 scrolls of identify.
  1717 | D:2      | 1717 ||| IDENTIFYING cyan potion
  1718 | D:2      | 1718 ||| DROPPING potion of lignification.
  1719 | D:2      | 1719 ||| DROPPING potion of invisibility.
  1720 | D:2      | 1720 ||| DROPPING potion of brilliance.
  1777 | D:3      | Reached XP level 4. HP: 36/36 MP: 4/4
  2189 | D:3      | Reached skill level 5 in Ranged Weapons
  2202 | D:3      | You fall into a shaft and drop 2 floors!
  2202 | D:5      | Entered Level 5 of the Dungeon
  2254 | D:5      | HP: 1/36 [sleepcap (17)]
  2255 | D:5      | 2255 ||| READING scroll of teleportation.
  2387 | D:5      | 2387 ||| READING scroll labelled PINTEE PETAI.
  2387 | D:5      | Noticed Dowan
  2388 | D:5      | 2388 ||| READING scroll labelled ZEADON ZUSE.
  2390 | D:5      | 2390 ||| FLEEEEING.
  2396 | D:5      | Noticed Duvessa
  2404 | D:5      | HP: 9/36 [Duvessa/+0 short sword (7)]
  2405 | D:5      | Slain by Duvessa

Levels and vault maps discovered:
D:1:      scummos_arrival_hexagon, layout_loops_corners,
          shapermc_ecumenical_altar_mp_vishouse, minmay_distorted
D:2:      minmay_evil_eye, layout_rooms, basic_altar, chequers_jeans,
          nrook_campfire, minmay_splitting_lines, nicolae_the_louvre,
          uniq_crazy_yiuf_cottage
D:3:      layout_basic, minmay_misc_feat_enclosed, hex_medium
D:5:      layout_loops_ring, uniq_duvessa, uniq_edmund

Skill      XL: |  1  2  3  4 |
---------------+-------------+-----
Ranged Weapons | 3 4 5 |  5.0
Fighting       | 2 |  2.3
Armour         | 1 |  1.0
Dodging        | |  2.1
Spellcasting   | |  1.0
Hexes          | |  2.0

Action                     |  1- 3 |  4- 6 || total
---------------------------+-------+-------++-------
   Fire: Sling             |   122 |    63 ||   185
    Use: Scroll            |     8 |     3 ||    11
         Potion            |     4 |       ||     4
 Armour: Robe              |     5 |       ||     5
         Ring mail         |    30 |    14 ||    44
  Dodge: Dodged            |    59 |    26 ||    85

Table legend:
 A = Non-vault XP
 B = Vault XP
 C = Vault XP percentage of total XP
 D = Non-vault monster count
 E = Vault monster count
 F = Vault count percentage of total count
                 A         B        C        D         E       F
            +---------+---------+-------+---------+---------+-------
      Total |     165 |       5 |   2.9 |      52 |       3 |   5.5
            +---------+---------+-------+---------+---------+-------
        D:1 |      24 |       3 |  11.1 |      17 |       2 |  10.5
        D:2 |      66 |       2 |   2.9 |      18 |       1 |   5.3
        D:3 |      65 |       0 |   0.0 |      15 |       0 |   0.0
        D:5 |      10 |       0 |   0.0 |       2 |       0 |   0.0
            +---------+---------+-------+---------+---------+-------
